 Dungeon Crawl Stone Soup version 0.21-a0-210-gbfa5647 (webtiles) character file.

165 Ijustatesigmund the Chopper (level 5, -1/48 HPs)
             Began as a Minotaur Fighter on Aug 21, 2017.
             Killed by nerve-wracking pain
             ... invoked by Grinder
              (14 damage)
             ... on level 3 of the Dungeon.
             The game lasted 00:06:33 (1942 turns).

Ijustatesigmund the Chopper (Minotaur Fighter)      Turns: 1942, Time: 00:06:34

Health: -1/48      AC: 12    Str: 20    XL:     5   Next: 22%
Magic:  4/4        EV:  5    Int:  5    God:
Gold:   141        SH:  9    Dex: 11    Spells: 4/4 levels left

rFire    . . .     SeeInvis .   a - +0 war axe
rCold    . . .     Gourm    .   c - +0 shield
rNeg     . . .     Faith    .   m - +0 chain mail
rPois    .         Spirit   .   (helmet restricted)
rElec    .         Reflect  .   l - +0 cloak
rCorr    .         Harm     .   (no gloves)
MR       .....                  (no boots)
Stlth    ..........             (no amulet)
HPRegen  0.16/turn              i - +2 ring of protection
MPRegen  0.09/turn              e - ring of loudness (curse)

@: no status effects
A: retaliatory headbutt, horns 2
a: no special abilities


You were on level 3 of the Dungeon.
You were not hungry.

You visited 1 branch of the dungeon, and saw 3 of its levels.

You collected 141 gold pieces.

Inventory:

Hand Weapons
 a - a +0 war axe (weapon)
Armour
 c - a +0 shield (worn)
 l - a +0 cloak (worn)
 m - a +0 chain mail (worn)
Jewellery
 e - a cursed ring of loudness (right hand)
 i - a +2 ring of protection (left hand)
 r - an uncursed ring of magical power {unknown}
Scrolls
 d - a scroll of enchant weapon {unknown}
 n - 3 scrolls of identify
 o - a scroll of fog
 q - a scroll of remove curse
Potions
 h - 2 potions of magic
 k - a potion of curing
 p - a potion of brilliance {unknown}
 s - a potion of flight {unknown}
Comestibles
 b - 3 royal jellies
 f - a bread ration
 g - 3 meat rations
 j - 4 fruits


   Skills:
 + Level 5.0 Fighting
 + Level 5.6 Axes
 + Level 3.6 Armour
 + Level 0.0 Dodging
 + Level 3.6 Shields


You had 4 spell levels left.
You didn't know any spells.

Dungeon Overview and Level Annotations

Branches:
Dungeon (3/15)

Altars:
Kikubaaqudgha

Annotations:
D:3 Grinder


Innate Abilities, Weirdness & Mutations

You reflexively headbutt those who attack you in melee.
You have a pair of horns on your head.


Message History

You barely miss Grinder. Grinder gestures at you.
Pain shoots through your body!
You closely miss Grinder. Your headbutt misses Grinder. Grinder hits you.
You writhe in agony.
Grinder gestures at you. Pain shoots through your body!
You are too injured to fight recklessly!
You are too injured to fight recklessly!
You are too injured to fight recklessly!
You are too injured to fight recklessly!
You are too injured to fight recklessly!
Your chain mail prevents you from hitting Grinder.
Your headbutt misses Grinder. Grinder hits you.
* * * LOW HITPOINT WARNING * * *
You hit Grinder.
Grinder is lightly wounded.
Grinder gestures at you. Pain shoots through your body!
You die...
Pā‰ˆā™£

#.#.##############.#.#.
ā‰ˆ
#.#....................
#.##################.##
.. .......... #.
#######.## ..... .....#.
#.#####################
#....5@................
........................
########################


You could see Grinder.

Vanquished Creatures
  An orc priest (D:3)
  3 gnolls (D:2)
  4 adders
  2 oozes
  2 dart slugs
  2 leopard geckos (D:1)
  4 orcs (D:3)
  6 bats
  5 giant cockroaches
  5 goblins
  5 hobgoblins
  4 jackals (D:2)
  A quokka (D:2)
  4 frilled lizards
  4 kobolds
  3 rats
55 creatures vanquished.

Notes
Turn   | Place    | Note
-------+----------+-------------------------------------------
     0 | D:1      | Ijustatesigmund the Minotaur Fighter began the quest for the Orb.
     0 | D:1      | Reached XP level 1. HP: 19/19 MP: 0/0
   544 | D:1      | Reached XP level 2. HP: 27/27 MP: 1/1
   947 | D:2      | Reached XP level 3. HP: 22/33 MP: 2/2
  1216 | D:2      | Reached XP level 4. HP: 41/41 MP: 3/3
  1243 | D:2      | Found an ancient bone altar of Kikubaaqudgha.
  1267 | D:2      | Reached skill level 5 in Axes
  1783 | D:3      | Reached skill level 5 in Fighting
  1783 | D:3      | Reached XP level 5. HP: 47/48 MP: 4/4
  1933 | D:3      | Noticed Grinder
  1942 | D:3      | Killed from afar by Grinder

Vault maps used:
D:1:      eino_arrival_druids_welcome
D:2:      kiku_gazebo_pond_becter, hangedman_decor_clover_reticule
D:3:      serial_bayou_lake_a, uniq_grinder

Skill      XL: |  1  2  3  4 |
---------------+-------------+-----
Axes           | 3 4 5 |  5.6
Fighting       | 4 5 |  5.0
Armour         | |  3.6
Shields        | |  3.6

Action                   |  1- 3 |  4- 6 || total
-------------------------+-------+-------++-------
Melee: War axe           |    52 |    55 ||   107
       Headbutt          |    10 |     5 ||    15
  Use: Scroll            |     8 |     1 ||     9
       Potion            |     1 |     1 ||     2
  Eat: Chunk             |     1 |     2 ||     3
Armor: Scale mail        |     1 |       ||     1
       Chain mail        |    19 |    20 ||    39
Dodge: Dodged            |    14 |     8 ||    22
Block: Shield            |    28 |    28 ||    56

Table legend:
 A = Spawn XP
 B = Non-spawn XP
 C = Spawn XP percentage of total XP
 D = Spawn monster count
 E = Non-spawn monster count
 F = Spawn count percentage of total count
 G = Total turns spent on level
                    A         B        C        D         E        F      G
               +---------+---------+-------+---------+---------+-------+---------
         Total |       2 |     235 |   0.8 |       1 |      54 |   1.8 |  1942
               +---------+---------+-------+---------+---------+-------+---------
           D:1 |       0 |      33 |   0.0 |       0 |      15 |   0.0 |   886
           D:2 |       2 |     118 |   1.7 |       1 |      24 |   4.0 |   561
           D:3 |       0 |      84 |   0.0 |       0 |      15 |   0.0 |   495
               +---------+---------+-------+---------+---------+-------+---------
